| TOP OF THE 1ST |
|
Dallas-Fort Worth Rangers batting - Pitching for Round Rock Express : LHP Bill Krueger
|
|
Pitching: LHP Bill Krueger
|
|
|
Batting: LHB Stan Levi
|
0-0: Ball 1-0: Called Strike 1-1: SINGLE (Groundball, 4MD, EV 98.1 MPH)
|
|
Batting: RHB Alex Zermeno
|
0-0: Ball 1-0: Fielders Choice at 2nd, 4-6 (Groundball, 4, EV 91.9 MPH)
|
|
Batting: RHB Joe Carter
|
0-0: Fly out, F4 (Flyball, 34D, EV 80.6 MPH)
|
|
Batting: LHB Sid Bream
|
0-0: Called Strike 0-1: Ball 1-1: Ball 2-1: Swinging Strike 2-2: Strikes out swinging
|
| Top of the 1st over - 0 runs, 1 hit, 0 errors, 1 left on base; Dallas-Fort Worth 0 - Round Rock 0 |
| BOTTOM OF THE 1ST |
|
Round Rock Express batting - Pitching for Dallas-Fort Worth Rangers : RHP Roy J Thomas
|
|
Pitching: RHP Roy J Thomas
|
|
|
Batting: LHB Steve Lyons
|
0-0: Foul Ball, location: 2F 0-1: Foul Ball, location: 2F 0-2: Ball 1-2: Fly out, F8 (Flyball, 8RD, EV 87.5 MPH)
|
|
Batting: RHB George Ramos
|
0-0: Ball 1-0: Ball 2-0: Ball 3-0: Base on Balls
|
|
Batting: RHB Alejandro Sanchez
|
0-0: Ball Pickoff Throw to First - Error! E1 George Ramos to second 1-0: Fly out, F3 (Flyball, 3D, EV 76.9 MPH)
|
|
Batting: LHB Al Chambers
|
0-0: Swinging Strike 0-1: Foul Ball, location: 2F 0-2: Ball 1-2: Ball 2-2: Strikes out swinging
|
| Bottom of the 1st over - 0 runs, 0 hits, 1 error, 1 left on base; Dallas-Fort Worth 0 - Round Rock 0 |
| TOP OF THE 2ND |
|
Dallas-Fort Worth Rangers batting - Pitching for Round Rock Express : LHP Bill Krueger
|
|
Batting: RHB Dave Aponte
|
0-0: Ball 1-0: Called Strike 1-1: Ball 2-1: Fly out, F8 (Flyball, 8RD, EV 100.6 MPH)
|
|
Batting: RHB Terry Lee
|
0-0: Swinging Strike 0-1: Foul Ball, location: 2F 0-2: Ball 1-2: DOUBLE (Line Drive, 78D, EV 112.5 MPH)
|
|
Batting: RHB Eric Hyatt
|
0-0: Called Strike 0-1: Swinging Strike 0-2: Ball 1-2: Foul Ball, location: 2F 1-2: Ball 2-2: Foul Ball, location: 2F 2-2: Ball 3-2: Fly out, F4 (Flyball, 34D, EV 86.3 MPH)
|
|
Batting: RHB Steve Nicosia
|
0-0: Called Strike 0-1: Ground out U3 (Groundball, 34, EV 106.3 MPH)
|
| Top of the 2nd over - 0 runs, 1 hit, 0 errors, 1 left on base; Dallas-Fort Worth 0 - Round Rock 0 |
| BOTTOM OF THE 2ND |
|
Round Rock Express batting - Pitching for Dallas-Fort Worth Rangers : RHP Roy J Thomas
|
|
Batting: RHB Martyn Maxwell
|
0-0: Ground out U3 (Groundball, 34S, EV 81.9 MPH)
|
|
Batting: RHB Gerald Miller
|
0-0: Fly out, F7 (Flyball, 7D, EV 108.8 MPH)
|
|
Batting: LHB James Jennings
|
0-0: Ball 1-0: Called Strike 1-1: Called Strike 1-2: Foul Ball, location: 2F 1-2: Foul Ball, location: 2F 1-2: Ball 2-2: Ball 3-2: Base on Balls
|
|
Batting: LHB Mike Kripner
|
0-0: Ball 1-0: SINGLE (Groundball, 34D, EV 101.9 MPH) James Jennings to second Runner from 2nd tries for 3rd, SAFE, no throw by RF
|
|
Batting: RHB Val Medina
|
0-0: Ball 1-0: Called Strike 1-1: Fly out, F8 (Line Drive, 8RM, EV 95.0 MPH)
|
| Bottom of the 2nd over - 0 runs, 1 hit, 0 errors, 2 left on base; Dallas-Fort Worth 0 - Round Rock 0 |
| TOP OF THE 3RD |
|
Dallas-Fort Worth Rangers batting - Pitching for Round Rock Express : LHP Bill Krueger
|
|
Batting: RHB Ross Jones
|
0-0: Foul Ball, location: 2F 0-1: Ball 1-1: Ball 2-1: SINGLE (Flyball, 3D, EV 93.1 MPH)
|
|
Batting: LHB Stan Levi
|
0-0: Ball 1-0: Ground out 6-3 (Groundball, 6, EV 85.0 MPH) Ross Jones to second
|
|
Batting: RHB Alex Zermeno
|
0-0: Ball 1-0: Called Strike 1-1: Ground out 6-3 (Groundball, 6, EV 88.8 MPH)
|
|
Batting: RHB Joe Carter
|
0-0: Ball 1-0: Foul Ball, location: 2F 1-1: Called Strike 1-2: Fly out, F8 (Flyball, 8RS, EV 98.1 MPH)
|
| Top of the 3rd over - 0 runs, 1 hit, 0 errors, 1 left on base; Dallas-Fort Worth 0 - Round Rock 0 |
| BOTTOM OF THE 3RD |
|
Round Rock Express batting - Pitching for Dallas-Fort Worth Rangers : RHP Roy J Thomas
|
|
Batting: LHB Steve Lyons
|
0-0: Ground out U3 (Groundball, 3, EV 105.0 MPH)
|
|
Batting: RHB George Ramos
|
0-0: Foul Ball, location: 2F 0-1: Ball 1-1: Foul Ball, location: 2F 1-2: Ball 2-2: Ball 3-2: Foul Ball, location: 2F 3-2: Fly out, F8 (Flyball, 8LD, EV 86.3 MPH)
|
|
Batting: RHB Alejandro Sanchez
|
0-0: Fly out, F7 (Flyball, 7, EV 96.3 MPH)
|
| Bottom of the 3rd over - 0 runs, 0 hits, 0 errors, 0 left on base; Dallas-Fort Worth 0 - Round Rock 0 |
| TOP OF THE 4TH |
|
Dallas-Fort Worth Rangers batting - Pitching for Round Rock Express : LHP Bill Krueger
|
|
Batting: LHB Sid Bream
|
0-0: Ball 1-0: Ground out 4-3 (Groundball, 4, EV 96.3 MPH)
|
|
Batting: RHB Dave Aponte
|
0-0: Called Strike 0-1: Foul Ball, location: 2F 0-2: Ball 1-2: Foul Ball, location: 2F 1-2: Foul Ball, location: 2F 1-2: Fly out, F6 (Line Drive, 6, EV 73.1 MPH)
|
|
Batting: RHB Terry Lee
|
0-0: Foul Ball, location: 2F 0-1: Called Strike 0-2: Ground out 6-3 (Groundball, 6, EV 111.9 MPH)
|
| Top of the 4th over - 0 runs, 0 hits, 0 errors, 0 left on base; Dallas-Fort Worth 0 - Round Rock 0 |
| BOTTOM OF THE 4TH |
|
Round Rock Express batting - Pitching for Dallas-Fort Worth Rangers : RHP Roy J Thomas
|
|
Batting: LHB Al Chambers
|
0-0: Ball 1-0: Ball 2-0: Called Strike 2-1: Ball 3-1: Base on Balls
|
|
Batting: RHB Martyn Maxwell
|
0-0: Fly out, F9 (Flyball, 9D, EV 91.9 MPH)
|
|
Batting: RHB Gerald Miller
|
0-0: Ball 1-0: Called Strike 1-1: Ball 2-1: Foul Ball, location: 2F 2-2: Strikes out swinging Al Chambers steals 2nd base (no throw) Batter strikes out.
|
|
Batting: LHB James Jennings
|
0-0: Ball 1-0: Ground out 6-3 (Groundball, 6, EV 94.4 MPH)
|
| Bottom of the 4th over - 0 runs, 0 hits, 0 errors, 1 left on base; Dallas-Fort Worth 0 - Round Rock 0 |
| TOP OF THE 5TH |
|
Dallas-Fort Worth Rangers batting - Pitching for Round Rock Express : LHP Bill Krueger
|
|
Batting: RHB Eric Hyatt
|
0-0: Called Strike 0-1: Ball 1-1: Swinging Strike 1-2: Foul Ball, location: 2F 1-2: Fly out, F5 (Line Drive, 5, EV 61.3 MPH)
|
|
Batting: RHB Steve Nicosia
|
0-0: SINGLE (Groundball, 6MD, EV 99.4 MPH)
|
|
Batting: RHB Ross Jones
|
0-0: Ball 1-0: Ball 2-0: Ball Wild Pitch! Steve Nicosia to second 3-0: Base on Balls
|
|
Batting: LHB Stan Levi
|
0-0: Ball 1-0: Ball 2-0: Called Strike 2-1: Fly out, F8 (Flyball, 8LD, EV 101.9 MPH) Runner from 2nd tags up, SAFE at 3rd with throw by CF
|
|
Batting: RHB Alex Zermeno
|
0-0: SINGLE (Groundball, P, EV 90.6 MPH) (infield hit) Steve Nicosia scores Ross Jones to second
|
|
Batting: RHB Joe Carter
|
0-0: Called Strike 0-1: Ball 1-1: Swinging Strike 1-2: Ball 2-2: Ball 3-2: Fly out, F9 (Flyball, 9, EV 79.4 MPH)
|
| Top of the 5th over - 1 run, 2 hits, 0 errors, 2 left on base; Dallas-Fort Worth 1 - Round Rock 0 |
| BOTTOM OF THE 5TH |
|
Round Rock Express batting - Pitching for Dallas-Fort Worth Rangers : RHP Roy J Thomas
|
|
Batting: LHB Mike Kripner
|
0-0: Fly out, F9 (Flyball, 9LS, EV 98.1 MPH)
|
|
Batting: RHB Val Medina
|
0-0: Ground out 6-3 (Groundball, 6, EV 82.5 MPH)
|
|
Batting: LHB Steve Lyons
|
0-0: Ground out 3-1 (Groundball, 34, EV 90.0 MPH)
|
| Bottom of the 5th over - 0 runs, 0 hits, 0 errors, 0 left on base; Dallas-Fort Worth 1 - Round Rock 0 |
| TOP OF THE 6TH |
|
Dallas-Fort Worth Rangers batting - Pitching for Round Rock Express : LHP Bill Krueger
|
|
Batting: LHB Sid Bream
|
0-0: Ball 1-0: Ground out 2-3 (Groundball, 13S, EV 71.9 MPH)
|
|
Batting: RHB Dave Aponte
|
0-0: Ball 1-0: Ball 2-0: Ball 3-0: Base on Balls
|
|
Batting: RHB Terry Lee
|
0-0: Ball 1-0: Swinging Strike 1-1: Called Strike 1-2: Ball 2-2: Strikes out swinging
|
|
Batting: RHB Eric Hyatt
|
0-0: Swinging Strike 0-1: Ball 1-1: Ball 2-1: SINGLE (Groundball, 56D, EV 111.3 MPH) Dave Aponte to second
|
|
Batting: RHB Steve Nicosia
|
0-0: Ball 1-0: Ball 2-0: Foul Ball, location: 2F 2-1: Ball 3-1: Fly out, F3 (Popup, 3L, EV 63.8 MPH)
|
| Top of the 6th over - 0 runs, 1 hit, 0 errors, 2 left on base; Dallas-Fort Worth 1 - Round Rock 0 |
| BOTTOM OF THE 6TH |
|
Round Rock Express batting - Pitching for Dallas-Fort Worth Rangers : RHP Roy J Thomas
|
|
Batting: RHB George Ramos
|
0-0: Ball 1-0: Fly out, F6 (Flyball, 6MD, EV 90.6 MPH)
|
|
Batting: RHB Alejandro Sanchez
|
0-0: Swinging Strike 0-1: Called Strike 0-2: Ground out 6-3 (Groundball, 6, EV 88.1 MPH)
|
|
Batting: LHB Al Chambers
|
0-0: Ball 1-0: Foul Ball, location: 2F 1-1: Foul Ball, location: 2F 1-2: Strikes out swinging
|
| Bottom of the 6th over - 0 runs, 0 hits, 0 errors, 0 left on base; Dallas-Fort Worth 1 - Round Rock 0 |
| TOP OF THE 7TH |
|
Dallas-Fort Worth Rangers batting - Pitching for Round Rock Express : LHP Bill Krueger
|
|
Batting: RHB Ross Jones
|
0-0: Called Strike 0-1: Called Strike 0-2: Foul Ball, location: 2F 0-2: Strikes out swinging, 2-3 out at first.
|
|
Batting: LHB Stan Levi
|
0-0: Ball 1-0: SOLO HOME RUN (Flyball, 7D, EV 112.5 MPH), Distance : 375 ft
|
|
Batting: RHB Alex Zermeno
|
0-0: Called Strike 0-1: SINGLE (Groundball, 56D, EV 106.3 MPH)
|
|
Batting: RHB Joe Carter
|
0-0: Ball 1-0: Ball 2-0: Called Strike 2-1: Ball 3-1: Base on Balls Alex Zermeno to second
|
|
Batting: LHB Sid Bream
|
0-0: Called Strike 0-1: Foul Ball, location: 2F 0-2: Foul Ball, location: 2F 0-2: Ball 1-2: Fly out, F6 (Popup, 6, EV 58.8 MPH)
|
|
Batting: RHB Dave Aponte
|
0-0: Swinging Strike 0-1: Fly out, F9 (Flyball, 9LD, EV 101.9 MPH)
|
| Top of the 7th over - 1 run, 2 hits, 0 errors, 2 left on base; Dallas-Fort Worth 2 - Round Rock 0 |
| BOTTOM OF THE 7TH |
|
Round Rock Express batting - Pitching for Dallas-Fort Worth Rangers : RHP Roy J Thomas
|
|
Batting: RHB Martyn Maxwell
|
0-0: Fly out, F6 (Popup, 6M, EV 57.5 MPH)
|
|
Batting: RHB Gerald Miller
|
0-0: Fly out, F7 (Flyball, 7, EV 82.5 MPH)
|
|
Batting: LHB James Jennings
|
0-0: Foul Ball, location: 2F 0-1: Swinging Strike 0-2: Strikes out swinging
|
| Bottom of the 7th over - 0 runs, 0 hits, 0 errors, 0 left on base; Dallas-Fort Worth 2 - Round Rock 0 |
| TOP OF THE 8TH |
|
Dallas-Fort Worth Rangers batting - Pitching for Round Rock Express : LHP Bill Krueger
|
|
Batting: RHB Terry Lee
|
0-0: Ball 1-0: Ball 2-0: Foul Ball, location: 2F 2-1: Foul Ball, location: 2F 2-2: Strikes out swinging
|
|
Batting: RHB Eric Hyatt
|
0-0: Called Strike 0-1: Called Strike 0-2: Ball 1-2: Fly out, F8 (Flyball, 8RS, EV 83.8 MPH)
|
|
Batting: RHB Steve Nicosia
|
0-0: Called Strike 0-1: Called Strike 0-2: Ball 1-2: DOUBLE (Flyball, 8RXD, EV 111.3 MPH)
|
|
Batting: RHB Ross Jones
|
0-0: Called Strike 0-1: Ball 1-1: Ball 2-1: Foul Ball, location: 2F 2-2: DOUBLE (Flyball, 89D, EV 101.9 MPH) Steve Nicosia scores
|
|
Batting: LHB Stan Levi
|
0-0: Foul Ball, location: 2F 0-1: Fly out, F3 (Line Drive, 3, EV 72.5 MPH)
|
| Top of the 8th over - 1 run, 2 hits, 0 errors, 1 left on base; Dallas-Fort Worth 3 - Round Rock 0 |
| BOTTOM OF THE 8TH |
|
Round Rock Express batting - Pitching for Dallas-Fort Worth Rangers : RHP Roy J Thomas
|
|
Batting: LHB Mike Kripner
|
0-0: Ball 1-0: Called Strike 1-1: Foul Ball, location: 2F 1-2: Ball 2-2: Ball 3-2: Base on Balls
|
|
Batting: RHB Val Medina
|
0-0: Ball 1-0: Foul Ball, location: 2F 1-1: Ball 2-1: SINGLE (Flyball, 8LS, EV 86.9 MPH) Mike Kripner to second
|
|
Batting: LHB Steve Lyons
|
0-0: Ball 1-0: Ball 2-0: Ball 3-0: Called Strike 3-1: Base on Balls Mike Kripner to third Val Medina to second
|
|
Pinch Hitting: LHB Dave Sanchez
|
0-0: Foul Ball, location: 2F 0-1: Ball 1-1: Foul Ball, location: 2F 1-2: Strikes out swinging
|
|
Batting: RHB Alejandro Sanchez
|
0-0: Called Strike 0-1: Swinging Strike 0-2: Foul Ball, location: 2F 0-2: Ball 1-2: Ball 2-2: Strikes out swinging
|
|
Batting: LHB Al Chambers
|
0-0: Ball 1-0: Called Strike 1-1: Swinging Strike 1-2: Foul Ball, location: 2F 1-2: SINGLE (Groundball, 6MD, EV 104.4 MPH) Mike Kripner scores Val Medina to third Steve Lyons to second Runner from 3rd tries for Home, SAFE, throw by CF to home
|
|
Batting: RHB Martyn Maxwell
|
0-0: Called Strike 0-1: Ball 1-1: Called Strike 1-2: Ball 2-2: Ball 3-2: Foul Ball, location: 2F 3-2: Base on Balls Steve Lyons to third Al Chambers to second
|
|
Batting: RHB Gerald Miller
|
0-0: Foul Ball, location: 2F 0-1: Foul Ball, location: 2F 0-2: Ball 1-2: Ball 2-2: Foul Ball, location: 2F 2-2: Strikes out swinging
|
| Bottom of the 8th over - 2 runs, 2 hits, 0 errors, 3 left on base; Dallas-Fort Worth 3 - Round Rock 2 |
| TOP OF THE 9TH |
|
Dallas-Fort Worth Rangers batting - Pitching for Round Rock Express : LHP Bill Krueger
|
|
Pitching: LHP Ronald Wrobel
|
|
|
Now at 3B: Mike Sodders
|
|
|
Batting: RHB Alex Zermeno
|
0-0: Ball 1-0: Fly out, F8 (Line Drive, 8RM, EV 91.9 MPH)
|
|
Batting: RHB Joe Carter
|
0-0: Called Strike 0-1: Called Strike 0-2: Ball 1-2: Strikes out swinging
|
|
Batting: LHB Sid Bream
|
0-0: Called Strike 0-1: Ball 1-1: Called Strike 1-2: Strikes out looking
|
| Top of the 9th over - 0 runs, 0 hits, 0 errors, 0 left on base; Dallas-Fort Worth 3 - Round Rock 2 |
| BOTTOM OF THE 9TH |
|
Round Rock Express batting - Pitching for Dallas-Fort Worth Rangers : RHP Roy J Thomas
|
|
Pitching: RHP Luis Cardenas
|
|
|
Batting: LHB James Jennings
|
0-0: Ball 1-0: Called Strike 1-1: Called Strike 1-2: Strikes out swinging, 2-3 out at first.
|
|
Batting: LHB Mike Kripner
|
0-0: Called Strike 0-1: Foul Ball, location: 2F 0-2: Ball 1-2: Ball 2-2: Strikes out swinging
|
|
Pinch Hitting: LHB William Sobbe
|
0-0: Called Strike 0-1: Ball 1-1: Called Strike 1-2: Foul Ball, location: 2F 1-2: Ground out 4-3 (Groundball, 34S, EV 82.5 MPH)
|
| Bottom of the 9th over - 0 runs, 0 hits, 0 errors, 0 left on base; Dallas-Fort Worth 3 - Round Rock 2 |
|